 Dungeon Crawl Stone Soup version 0.28.0-47-ge53b351184 (webtiles) character file.

Game seed: 1541695842176164057

186 Peloso the Covered (level 5, -1/47 HPs)
             Began as a Minotaur Fighter on Apr 25, 2022.
             Succumbed to a water moccasin's poison
             ... on level 4 of the Dungeon.
             The game lasted 00:04:03 (2007 turns).

Peloso the Covered (Minotaur Fighter)               Turns: 2007, Time: 00:04:04

Health: -1/47      AC:  8    Str: 21    XL:     5   Next: 38%
Magic:  4/4        EV:  6    Int:  5    God:
Gold:   64         SH:  4    Dex: 11    Spells: 4/4 levels left

rFire   . . .      SeeInvis .   a - +0 long sword
rCold   . . .      Faith    .   c - +0 buckler
rNeg    . . .      Spirit   .   b - +0 scale mail
rPois   .          Reflect  .   (helmet restricted)
rElec   .          Harm     .   n - +0 cloak
rCorr   .          Rampage  .   (no gloves)
Will    .....                   (no boots)
Stlth   ..........              (no amulet)
HPRegen 0.15/turn               (no ring)
MPRegen 0.09/turn               (no ring)

@: lethally poisoned (-1 -> -10), constricted
A: horns 2, retaliatory headbutt
a: no special abilities


You were on level 4 of the Dungeon.
You visited 1 branch of the dungeon, and saw 4 of its levels.

You collected 64 gold pieces.

Inventory:

Hand Weapons
 a - a +0 long sword (weapon)
Armour
 b - a +0 scale mail (worn)
 c - a +0 buckler (worn)
 n - a +0 cloak (worn)
Wands
 j - a wand of flame (13)
Scrolls
 e - a scroll of acquirement
 h - 2 scrolls of teleportation
Potions
 d - a potion of might


   Skills:
 + Level 4.3 Fighting
 + Level 4.3 Long Blades
 + Level 5.4 Armour
 + Level 0.4 Dodging
 + Level 0.1 Stealth
 + Level 4.1 Shields


You had 4 spell levels left.
You didn't know any spells.
Your spell library was empty.

Dungeon Overview and Level Annotations

Branches:
Dungeon (4/15)
 Temple: D:4-7

Altars:

Shops:
D:2 ([   D:4 *

Annotations:
D:3 Sigmund


Innate Abilities, Weirdness & Mutations

You have a pair of horns on your head.
You reflexively headbutt those who attack you in melee.


Message History

You headbutt the water moccasin! The water moccasin barely misses you.
You closely miss the water moccasin.
The water moccasin is heavily wounded.
The water moccasin barely misses you. x2
You closely miss the water moccasin.
The water moccasin is heavily wounded.
The water moccasin closely misses you.
You slash the water moccasin!
The water moccasin is almost dead.
The water moccasin bites you. x2
You closely miss the water moccasin.
Your headbutt misses the water moccasin.
The water moccasin is almost dead.
The water moccasin bites you but does no damage.
The water moccasin bites you.
* * * LOW HITPOINT WARNING * * *
You are lethally poisoned!
The water moccasin poisons you!
You slash the water moccasin!
You kill the water moccasin!
* * * LOW HITPOINT WARNING * * *
You feel very sick. You block the ball python's attack.
The ball python grabs you. The ball python constricts you.
You feel your strength returning.
You feel your intelligence returning.
You feel your dexterity returning.
Your Long Blades skill increases to level 4!
Your Armour skill increases to level 5!
You have reached level 5!
Okay, then.
You closely miss the ball python. Your headbutt misses the ball python.
* * * LOW HITPOINT WARNING * * *
You feel very sick. The ball python bites you.
* * * LOW HITPOINT WARNING * * *
The ball python constricts you.
* * * LOW HITPOINT WARNING * * *
You hit the ball python.
The ball python is moderately wounded.
You die...

#.........#
........#
#...##.#
#.<.##.#
######...##.#
..>....#....#
######.#####
########.##
#...@S....#
#.#######'#
...# #S∩.#
#...# ##+##


You could see a ball python.

Vanquished Creatures
  A water moccasin (D:4)
  4 adders (D:2)
  2 worms (D:2)
  A dart slug (D:2)
  3 orcs (D:3)
  3 endoplasms
  A giant cockroach (D:1)
  4 hobgoblins
  A quokka (D:2)
  2 ball pythons
  7 bats
  3 frilled lizards
  A kobold (D:2)
  4 rats
37 creatures vanquished.

Vanquished Creatures (others)
  6 fungi (D:3)
6 creatures vanquished.

Grand Total: 43 creatures vanquished

Notes
Turn   | Place    | Note
-------+----------+-------------------------------------------
     0 | D:1      | Peloso the Minotaur Fighter began the quest for the Orb.
     0 | D:1      | Reached XP level 1. HP: 19/19 MP: 0/0
    77 | D:1      | Noticed a golden eye
    79 | D:1      | Found a faded altar of an unknown god.
    80 | D:1      | Noticed an eye of devastation
    80 | D:1      | Noticed a great orb of eyes
    80 | D:1      | Noticed a floating eye
   573 | D:1      | Reached XP level 2. HP: 27/27 MP: 1/1
   758 | D:2      | Reached skill level 4 in Armour
  1023 | D:2      | Reached XP level 3. HP: 12/33 MP: 2/2
  1240 | D:2      | Found Qamain's Armour Shoppe.
  1631 | D:2      | Found Ymimualu's Antique Weapon Boutique.
  1712 | D:2      | Identified a scroll of acquirement
  1755 | D:3      | Noticed Sigmund
  1819 | D:2      | Reached XP level 4. HP: 38/40 MP: 3/3
  1991 | D:4      | Found Tepparra's Serpentskin Sales.
  1991 | D:4      | Noticed a water moccasin
  2005 | D:4      | Killed a water moccasin
  2006 | D:4      | Reached skill level 5 in Armour
  2006 | D:4      | Reached XP level 5. HP: 6/47 MP: 4/4
  2006 | D:4      | HP: 2/47 [ball python (1)]
  2007 | D:4      | Succumbed to a water moccasin's poison

Illustrated notes

Levels and vault maps discovered:
D:1:      mainiacjoe_arrival_reflecting_pool, layout_basic,
          hellmonk_ecumenical_altar_watching_god
D:2:      layout_basic, serial_shops, nicolae_shop_stone,
          nicolae_shop_statue_plus, minmay_crystal_room
D:3:      layout_basic, mainiacjoe_overflow_cross_hatched, st_stairs_13,
          uniq_natasha, uniq_sigmund, uniq_ijyb
D:4:      layout_loops_ring, minmay_temple_entry_statues_fountains,
          serial_shops, shop, guppyfry_shop_venom

Skill      XL: |  1  2  3  4 |
---------------+-------------+-----
Armour         | 4 5 |  5.4
Fighting       | 4 |  4.3
Shields        | 4 |  4.1
Long Blades    | 3 4 |  4.3
Dodging        | |  0.4
Stealth        | |  0.1

Action                   |  1- 3 |  4- 6 || total
-------------------------+-------+-------++-------
Melee: Long sword        |    78 |    16 ||    94
       Headbutt          |     7 |     2 ||     9
  Use: Potion            |     4 |       ||     4
       Scroll            |     2 |       ||     2
Armor: Scale mail        |    31 |     5 ||    36
Dodge: Dodged            |    43 |     7 ||    50
Block: Buckler           |    14 |     4 ||    18
